AoeStats
← 特級過呪怨靈

Arena

507913530Analyzed
4v4 RM · 13d ago on Sep 20, 2026· 51m 36s· 8 players
Game mode
Random Map
Map size
Large (8 player)
Population
200
Speed
Normal
Resources
Standard
Victory
Conquest
Starting age
Dark Age
Ending age
Imperial Age
RankedLock teamsTeams togetherTeam positionsShared explorationLock speedFull tech treeHidden civsTurbo modeCheats
Victory
Defeat
🇳🇱 Britons · Netherlands
1210
+10
🇳🇿 Burgundians · New Zealand
1132
+13
🇲🇽 Magyars · Mexico
1111
+14
🇳🇱 Khmer · Netherlands
1107
+15
🇯🇵 Poles · Japan
1176
-16
🇹🇼 Saracens · Taiwan
1048
-12
🇹🇼 Huns · Taiwan
1046
-12
🇹🇼 Romans · Taiwan
1038
-12
[ Wildpigs ] Mau
10:48 Feudal Age
14:40 Castle Age
12:33 Double-Bit Axe
15:45 Bow Saw
17:37 Loom
20:21 Stone Mining
21:23 Horse Collar
25:08 Pikeman
29:15 Wheelbarrow
31:47 Imperial Age
31:59 Scale Barding Armor
33:09 Chain Barding Armor
33:05 Corvinian Army
33:06 Gold Mining
33:42 Bloodlines
33:32 Husbandry
33:36 Arson
33:54 Scale Mail Armor
33:28 Cavalier
34:45 Plate Barding Armor
35:43 Hand Cart
36:57 Gold Shaft Mining
37:19 Conscription
37:48 Halberdier
39:24 Chain Mail Armor
38:59 Paladin
41:48 Two-Man Saw
42:24 Caravan
42:06 Elite Magyar Huszar
44:48 Fletching
45:30 Bodkin Arrow
46:36 Heavy Plow
jsvos123
5:07 Loom
9:32 Feudal Age
14:57 Castle Age
13:35 Double-Bit Axe
13:45 Horse Collar
17:48 Town Watch
18:15 Heavy Plow
19:15 Bow Saw
23:48 Wheelbarrow
24:12 Scale Barding Armor
26:40 Bloodlines
31:28 Imperial Age
29:14 Husbandry
31:56 Chain Barding Armor
31:46 Forging
31:27 Fletching
31:41 Cavalier
34:12 Conscription
36:18 Scale Mail Armor
36:54 Iron Casting
35:58 Pikeman
36:44 Halberdier
39:23 Chain Mail Armor
40:08 Blast Furnace
41:07 Arson
40:53 Elite Battle Elephant
42:37 Plate Barding Armor
42:15 Fortified Wall
43:07 Chemistry
46:30 Bodkin Arrow
47:41 Capped Ram
48:41 Siege Ram
Donkerzs
10:41 Feudal Age
17:00 Castle Age
15:44 Fletching
15:55 Padded Archer Armor
16:03 Double-Bit Axe
16:03 Horse Collar
16:16 Gold Mining
17:38 Crossbowman
19:01 Bow Saw
24:49 Bodkin Arrow
28:33 Imperial Age
28:34 Wheelbarrow
29:39 Bracer
30:45 Chemistry
31:13 Ballistics
30:22 Arbalester
34:28 Pikeman
35:49 Halberdier
36:31 Squires
36:34 Scale Mail Armor
36:44 Forging
37:46 Two-Man Saw
37:44 Chain Mail Armor
39:06 Iron Casting
39:51 Leather Archer Armor
40:08 Plate Mail Armor
42:36 Blast Furnace
41:52 Leather Archer Armor
41:43 Arson
48:41 Conscription
scrawnny12
6:17 Double-Bit Axe
9:06 Horse Collar
12:10 Feudal Age
16:17 Castle Age
14:31 Bow Saw
14:49 Heavy Plow
17:01 Wheelbarrow
21:53 Hand Cart
21:32 Loom
21:35 Town Watch
22:55 Gold Mining
23:00 Stone Mining
24:17 Gold Shaft Mining
24:20 Stone Shaft Mining
28:12 Imperial Age
26:27 Padded Archer Armor
26:33 Treadmill Crane
27:52 Leather Archer Armor
28:20 Burgundian Vineyards
29:59 Chemistry
29:20 Ballistics
32:39 Fletching
40:25 Caravan
43:43 Scale Mail Armor
43:54 Forging
46:50 Bodkin Arrow
自由人要乐奈
11:15 Feudal Age
14:58 Castle Age
12:46 Double-Bit Axe
13:27 Horse Collar
13:58 Loom
16:14 Bow Saw
22:01 Wheelbarrow
22:12 Heavy Plow
25:33 Hand Cart
28:53 Imperial Age
26:48 Bloodlines
27:09 Masonry
27:11 Fortified Wall
26:41 Treadmill Crane
27:10 Husbandry
27:19 Scale Barding Armor
27:22 Light Cavalry
28:00 Gold Mining
28:03 Stone Mining
29:01 Chain Barding Armor
28:53 Forging
28:59 Hussar
31:02 Siege Engineers
33:04 Plate Barding Armor
32:28 Heavy Camel Rider
34:20 Careening
35:39 Iron Casting
36:39 Caravan
38:22 Chemistry
38:48 Elite Mameluke
39:49 Conscription
40:45 Blast Furnace
45:29 Padded Archer Armor
49:56 Elite Skirmisher
51:21 Leather Archer Armor
doyasan1
11:26 Feudal Age
15:49 Castle Age
14:05 Double-Bit Axe
14:35 Horse Collar
17:12 Bow Saw
18:02 Heavy Plow
20:51 Wheelbarrow
22:36 Gold Mining
23:27 Fortified Wall
23:34 Stone Mining
24:35 Hand Cart
27:42 Imperial Age
26:36 Stone Shaft Mining
27:12 Forging
27:08 Scale Barding Armor
27:56 Loom
27:58 Town Watch
28:26 Treadmill Crane
29:24 Iron Casting
29:09 Chain Barding Armor
29:22 Crop Rotation
30:20 Szlachta Privileges
30:36 Conscription
30:03 Cavalier
31:50 Blast Furnace
31:19 Bloodlines
31:22 Husbandry
30:57 Pikeman
31:39 Squires
31:44 Scale Mail Armor
31:36 Fletching
32:36 Hoardings
35:51 Padded Archer Armor
36:15 Ballistics
35:20 Light Cavalry
37:59 Bodkin Arrow
38:21 Chain Mail Armor
38:21 Leather Archer Armor
39:09 Chemistry
38:20 Masonry
38:06 Murder Holes
40:22 Coinage
39:19 Winged Hussar
40:20 Bracer
40:44 Bombard Tower
41:46 Elite Obuch
47:43 Arson
49:31 Plate Mail Armor
疯穿箱子
11:38 Feudal Age
16:04 Castle Age
14:00 Double-Bit Axe
14:10 Horse Collar
22:50 Scale Barding Armor
23:37 Husbandry
24:28 Bloodlines
24:51 Chain Barding Armor
28:49 Bow Saw
31:58 Imperial Age
30:05 Wheelbarrow
29:43 Heavy Plow
30:10 Gold Mining
31:29 Gold Shaft Mining
31:02 Stone Mining
31:08 Stone Mining
32:03 Hand Cart
32:19 Marauders
32:19 Loom
32:08 Elite Tarkan
33:09 Conscription
33:36 Forging
34:02 Plate Barding Armor
34:58 Two-Man Saw
34:57 Iron Casting
40:11 Thumb Ring
40:35 Parthian Tactics
40:28 Heavy Cavalry Archer
41:47 Fletching
43:04 Ballistics
44:32 Chemistry
43:31 Bodkin Arrow
46:30 Bracer
46:30 Padded Archer Armor
47:30 Blast Furnace
47:20 Light Cavalry
48:49 Leather Archer Armor
48:30 Hussar
特級過呪怨靈
11:28 Feudal Age
15:53 Castle Age
13:47 Loom
18:15 Double-Bit Axe
19:36 Bow Saw
18:54 Pikeman
19:41 Squires
21:12 Scale Mail Armor
33:26 Imperial Age
32:34 Ballistics
32:26 Fortified Wall
32:42 Ballistas
33:12 Horse Collar
44:27 Wheelbarrow
46:06 Halberdier
49:24 Chain Mail Armor
49:21 Forging
49:56 Heavy Plow
52:09 Forging
Connection lost

Rejoining the realm…

Still unreachable

The connection could not be restored.

Session expired

The server has moved on; the page needs a fresh start.